HS
JACKSON HS POLAR BEARS @ CRETIN-DERHAM HALL HS RAIDERS
03/01/2060
 
TOP OF THE 1ST
Jackson HS Polar Bears batting - Pitching for Cretin-Derham Hall HS Raiders : RHP Bertrand Serna
Pitching: RHP Bertrand Serna
Batting: LHB Bailey Pierce 0-0: Ball
1-0: Foul Ball, location: 2F
1-1: Foul Ball, location: 2F
1-2: Foul Ball, location: 2F
1-2: Foul Ball, location: 2F
1-2: Ball
2-2: Ball
3-2: Foul Ball, location: 2F
3-2: Base on Balls
Batting: RHB Kieran Maier 0-0: Called Strike
Bailey Pierce steals 2nd base
0-1: Ball
1-1: Swinging Strike
1-2: Ball
2-2: Ball
3-2: Foul Ball, location: 2F
3-2: Foul Ball, location: 2F
3-2: Hit by Pitch
Batting: LHB Avon McAnally 0-0: Called Strike
0-1: Ball
1-1: DOUBLE (Line Drive, 8LXD, EV 109.4 MPH)
Bailey Pierce scores
Kieran Maier to third
Batting: RHB Landon Iverson 0-0: Ground out 4-3 (Groundball, 4, EV 80.6 MPH)
Kieran Maier scores
Avon McAnally to third
Batting: RHB Nic Pease 0-0: Ball
1-0: Fly out, F6 (Popup, 6S, EV 83.1 MPH)
Batting: RHB Johnathon Higashi 0-0: Called Strike
0-1: Ball
1-1: Ground out U3 (Groundball, 34, EV 81.9 MPH)
Top of the 1st over - 2 runs, 1 hit, 0 errors, 1 left on base; Jackson HS 2 - Cretin-Derham Hall HS 0
BOTTOM OF THE 1ST
Cretin-Derham Hall HS Raiders batting - Pitching for Jackson HS Polar Bears : RHP Kobie Fukuyama
Pitching: RHP Kobie Fukuyama
Batting: SHB Damien Davis 0-0: Ball
1-0: Foul Ball, location: 2F
1-1: Ball
2-1: Called Strike
2-2: Foul Ball, location: 2F
2-2: Strikes out swinging, 2-3 out at first.
Batting: LHB Erik Cutter 0-0: Called Strike
0-1: Foul Ball, location: 2F
0-2: Ball
1-2: Ball
2-2: Ball
3-2: Base on Balls
Batting: RHB Chase Wright 0-0: Ball
1-0: Ball
2-0: Foul Ball, location: 2F
2-1: Foul Ball, location: 2F
2-2: Foul Ball, location: 2F
2-2: Foul Ball, location: 2F
2-2: Strikes out swinging
Batting: SHB Miles Rockwood 0-0: Called Strike
0-1: Foul Ball, location: 2F
0-2: Ball
1-2: Ball
2-2: Foul Ball, location: 2F
2-2: Strikes out swinging
Bottom of the 1st over - 0 runs, 0 hits, 0 errors, 1 left on base; Jackson HS 2 - Cretin-Derham Hall HS 0
TOP OF THE 2ND
Jackson HS Polar Bears batting - Pitching for Cretin-Derham Hall HS Raiders : RHP Bertrand Serna
Batting: RHB Jaren Castro 0-0: Foul Ball, location: 2F
0-1: Foul Ball, location: 2F
0-2: Ball
1-2: Ball
2-2: Strikes out swinging
Batting: RHB Corny Boisvert 0-0: Ball
1-0: Called Strike
1-1: Called Strike
1-2: Foul Ball, location: 2F
1-2: SINGLE (Groundball, 56D, EV 104.4 MPH)
Batting: RHB Josiah Moore 0-0: Ball
1-0: Called Strike
1-1: Foul Ball, location: 2F
1-2: Fly out, F7 (Flyball, 7, EV 89.4 MPH)
Batting: LHB Bailey Pierce 0-0: Ball
1-0: Called Strike
1-1: Foul Ball, location: 2F
1-2: Fly out, F7 (Flyball, 7S, EV 81.9 MPH)
Top of the 2nd over - 0 runs, 1 hit, 0 errors, 1 left on base; Jackson HS 2 - Cretin-Derham Hall HS 0
BOTTOM OF THE 2ND
Cretin-Derham Hall HS Raiders batting - Pitching for Jackson HS Polar Bears : RHP Kobie Fukuyama
Batting: LHB E.J. Tierney 0-0: Ball
1-0: Ball
2-0: Fly out, F8 (Flyball, 8LD, EV 94.4 MPH)
Batting: LHB Sean Radel 0-0: Ball
1-0: Foul Ball, location: 2F
1-1: Ball
2-1: Swinging Strike
2-2: SINGLE (Groundball, 25, EV 68.1 MPH) (infield hit)
Batting: RHB Raven Nieves 0-0: Grounds into double play, 6-4-3 (Groundball, 6, EV 85.0 MPH)
Bottom of the 2nd over - 0 runs, 1 hit, 0 errors, 0 left on base; Jackson HS 2 - Cretin-Derham Hall HS 0
TOP OF THE 3RD
Jackson HS Polar Bears batting - Pitching for Cretin-Derham Hall HS Raiders : RHP Bertrand Serna
Batting: RHB Kieran Maier 0-0: Ground out 6-3 (Groundball, 6, EV 82.5 MPH)
Batting: LHB Avon McAnally 0-0: Swinging Strike
0-1: Called Strike
0-2: Ball
1-2: Strikes out swinging
Batting: RHB Landon Iverson 0-0: Ball
1-0: Ball
2-0: Foul Ball, location: 2F
2-1: Ball
3-1: Called Strike
3-2: Base on Balls
Batting: RHB Nic Pease 0-0: Ball
1-0: Swinging Strike
1-1: Called Strike
1-2: Foul Ball, location: 2F
1-2: Strikes out swinging
Top of the 3rd over - 0 runs, 0 hits, 0 errors, 1 left on base; Jackson HS 2 - Cretin-Derham Hall HS 0
BOTTOM OF THE 3RD
Cretin-Derham Hall HS Raiders batting - Pitching for Jackson HS Polar Bears : RHP Kobie Fukuyama
Batting: RHB Eli Engelsen 0-0: Ball
1-0: Ball
2-0: Ground out 5-3 (Groundball, 56, EV 86.2 MPH)
Batting: RHB Kylie Withers 0-0: Called Strike
0-1: Ball
1-1: Ball
2-1: Called Strike
2-2: Ground out 6-3 (Groundball, 6S, EV 93.8 MPH)
Batting: SHB Damien Davis 0-0: Ball
1-0: SINGLE (Line Drive, 9S, EV 102.5 MPH)
Batting: LHB Erik Cutter 0-0: Called Strike
0-1: Ball
Damien Davis steals 2nd base
1-1: Ball
2-1: Foul Ball, location: 2F
2-2: Ball
3-2: Fly out, F9 (Flyball, 9LSF, EV 66.9 MPH)
Bottom of the 3rd over - 0 runs, 1 hit, 0 errors, 1 left on base; Jackson HS 2 - Cretin-Derham Hall HS 0
TOP OF THE 4TH
Jackson HS Polar Bears batting - Pitching for Cretin-Derham Hall HS Raiders : RHP Bertrand Serna
Batting: RHB Johnathon Higashi 0-0: Ball
1-0: Ball
2-0: Called Strike
2-1: Fly out, F4 (Line Drive, 4M, EV 66.2 MPH)
Batting: RHB Jaren Castro 0-0: Ball
1-0: Called Strike
1-1: Foul Ball, location: 2F
1-2: Ball
2-2: Strikes out swinging
Batting: RHB Corny Boisvert 0-0: Ball
1-0: Fly out, F8 (Flyball, 8LD, EV 91.9 MPH)
Top of the 4th over - 0 runs, 0 hits, 0 errors, 0 left on base; Jackson HS 2 - Cretin-Derham Hall HS 0
BOTTOM OF THE 4TH
Cretin-Derham Hall HS Raiders batting - Pitching for Jackson HS Polar Bears : RHP Kobie Fukuyama
Batting: RHB Chase Wright 0-0: Swinging Strike
0-1: Ball
1-1: Fly out, F8 (Flyball, 8LXD, EV 79.4 MPH)
Batting: SHB Miles Rockwood 0-0: Ball
1-0: Ball
2-0: Foul Ball, location: 2F
2-1: Ball
3-1: Base on Balls
Batting: LHB E.J. Tierney 0-0: Swinging Strike
0-1: Ball
1-1: Foul Ball, location: 2F
1-2: Strikes out looking
Batting: LHB Sean Radel 0-0: Ball
1-0: Fielders Choice at 2nd, 6-4 (Groundball, 6, EV 103.8 MPH)
Bottom of the 4th over - 0 runs, 0 hits, 0 errors, 1 left on base; Jackson HS 2 - Cretin-Derham Hall HS 0
TOP OF THE 5TH
Jackson HS Polar Bears batting - Pitching for Cretin-Derham Hall HS Raiders : RHP Bertrand Serna
Batting: RHB Josiah Moore 0-0: Called Strike
0-1: Ball
1-1: Foul Ball, location: 2F
1-2: Ball
2-2: Ball
3-2: Foul Ball, location: 2F
3-2: Base on Balls
Pitching: RHP Tasher Barber
Batting: LHB Bailey Pierce 0-0: Sac Bunt to 25 - play at first, batter OUT! 5-3
Josiah Moore to second
Batting: RHB Kieran Maier 0-0: Ball
1-0: Swinging Strike
1-1: Ball
2-1: Fly out, F8 (Flyball, 89D, EV 96.9 MPH)
Batting: LHB Avon McAnally 0-0: Called Strike
Josiah Moore is caught stealing 3rd base 2-5
Top of the 5th over - 0 runs, 0 hits, 0 errors, 0 left on base; Jackson HS 2 - Cretin-Derham Hall HS 0
BOTTOM OF THE 5TH
Cretin-Derham Hall HS Raiders batting - Pitching for Jackson HS Polar Bears : RHP Kobie Fukuyama
Batting: RHB Raven Nieves 0-0: Called Strike
0-1: Ball
1-1: Ball
2-1: SINGLE (Line Drive, 4D, EV 97.5 MPH)
Batting: RHB Eli Engelsen 0-0: Called Strike
0-1: Ball
1-1: Ball
2-1: Called Strike
2-2: Ball
3-2: DOUBLE (Flyball, 8RXD, EV 110.0 MPH)
Raven Nieves to third
Batting: RHB Kylie Withers 0-0: Swinging Strike
0-1: Fly out, F8 (Flyball, 8RD, EV 93.1 MPH)
Runner from 3rd tags up, SCORES, throw by CF
Pitching: RHP Reid Corey
Batting: SHB Damien Davis 0-0: Called Strike
0-1: Ground out U3 (Groundball, 3, EV 91.2 MPH)
Eli Engelsen to third
Batting: LHB Erik Cutter 0-0: Ground out 4-3 (Groundball, 4, EV 83.8 MPH)
Bottom of the 5th over - 1 run, 2 hits, 0 errors, 1 left on base; Jackson HS 2 - Cretin-Derham Hall HS 1
TOP OF THE 6TH
Jackson HS Polar Bears batting - Pitching for Cretin-Derham Hall HS Raiders : RHP Tasher Barber
Batting: LHB Avon McAnally 0-0: Ball
1-0: Ball
2-0: Foul Ball, location: 2F
2-1: Ball
3-1: Base on Balls
Batting: RHB Landon Iverson 0-0: Ball
1-0: Ball
2-0: Ball
3-0: Called Strike
3-1: Called Strike
3-2: Base on Balls
Avon McAnally to second
Batting: RHB Nic Pease 0-0: Ball
1-0: Swinging Strike
1-1: Ball
2-1: Foul Ball, location: 2F
2-2: Foul Ball, location: 2F
2-2: Ball
3-2: Base on Balls
Avon McAnally to third
Landon Iverson to second
Batting: RHB Johnathon Higashi 0-0: Ball
1-0: Foul Ball, location: 2F
1-1: Ball
2-1: Grounds into fielders choice 4-2 (Groundball, 13, EV 83.1 MPH)
Landon Iverson to third
Nic Pease to second
Batting: RHB Jaren Castro 0-0: SINGLE (Groundball, 34D, EV 96.2 MPH)
Landon Iverson scores
Nic Pease to third
Johnathon Higashi to second
Runner from 3rd tries for Home, SAFE, throw by RF to home
Batting: RHB Corny Boisvert 0-0: Called Strike
0-1: Called Strike
0-2: Ball
1-2: Foul Ball, location: 2F
1-2: Ball
2-2: Ball
3-2: Fly out, F7 (Flyball, 78S, EV 96.2 MPH)
Batting: RHB Josiah Moore 0-0: Foul Ball, location: 2F
0-1: Ball
1-1: Called Strike
1-2: Foul Ball, location: 2F
1-2: Ball
2-2: Ball
3-2: Foul Ball, location: 2F
3-2: Foul Ball, location: 2F
3-2: Ground out 5-3 (Groundball, 5, EV 89.4 MPH)
Top of the 6th over - 2 runs, 1 hit, 0 errors, 2 left on base; Jackson HS 4 - Cretin-Derham Hall HS 1
BOTTOM OF THE 6TH
Cretin-Derham Hall HS Raiders batting - Pitching for Jackson HS Polar Bears : RHP Reid Corey
Batting: RHB Chase Wright 0-0: Called Strike
0-1: Ball
1-1: Called Strike
1-2: Foul Ball, location: 2F
1-2: Foul Ball, location: 2F
1-2: Ball
2-2: Ball
3-2: SINGLE (Groundball, 6MD, EV 98.1 MPH)
Batting: SHB Miles Rockwood 0-0: Called Strike
0-1: Foul Ball, location: 2F
0-2: Ball
1-2: Foul Ball, location: 2F
1-2: Strikes out swinging
Batting: LHB E.J. Tierney 0-0: Ball
1-0: Foul Ball, location: 2F
1-1: Ball
2-1: Foul Ball, location: 2F
2-2: Strikes out swinging
Batting: LHB Sean Radel 0-0: Called Strike
0-1: SINGLE (Line Drive, 9S, EV 100.0 MPH)
Chase Wright to second
Runner from 2nd tries for 3rd, SAFE, throw by RF made to third
Batting: RHB Raven Nieves 0-0: Ground out 1-3 (Groundball, 13S, EV 68.1 MPH)
Bottom of the 6th over - 0 runs, 2 hits, 0 errors, 2 left on base; Jackson HS 4 - Cretin-Derham Hall HS 1
TOP OF THE 7TH
Jackson HS Polar Bears batting - Pitching for Cretin-Derham Hall HS Raiders : RHP Tasher Barber
Batting: LHB Bailey Pierce 0-0: SOLO HOME RUN (Flyball, 9LD, EV 93.8 MPH), Distance : 333 ft
Pitching: RHP Dalton Nicholson
Batting: RHB Kieran Maier 0-0: Ball
1-0: SINGLE (Line Drive, 8RS, EV 107.5 MPH)
Batting: LHB Avon McAnally 0-0: Called Strike
0-1: Ball
Kieran Maier steals 2nd base
1-1: SINGLE (Groundball, 34D, EV 103.8 MPH)
Kieran Maier to third
Runner from 3rd tries for Home, SAFE, throw by RF to home
Batting: RHB Landon Iverson 0-0: Ball
1-0: Ball
2-0: Ball
3-0: Called Strike
3-1: Base on Balls
Avon McAnally to second
Batting: RHB Nic Pease 0-0: Ball
Landon Iverson steals 2nd base
Avon McAnally steals 3rd base
1-0: Called Strike
1-1: Called Strike
1-2: Ball
2-2: Fly out, F9 (Flyball, 9D, EV 93.1 MPH)
Runner from 3rd tags up, SCORES, no throw by RF
Batting: RHB Johnathon Higashi 0-0: Ball
1-0: Foul Ball, location: 2F
1-1: Ball
2-1: SINGLE (Groundball, 6D, EV 103.8 MPH)
Landon Iverson to third
Runner from 3rd tries for Home, SAFE, throw by CF to home
Batting: RHB Jaren Castro 0-0: Swinging Strike
0-1: Fly out, F8 (Flyball, 8RD, EV 100.0 MPH)
Batting: RHB Corny Boisvert 0-0: Ball
1-0: Fly out, F8 (Flyball, 8RD, EV 102.5 MPH)
Top of the 7th over - 4 runs, 4 hits, 0 errors, 1 left on base; Jackson HS 8 - Cretin-Derham Hall HS 1
BOTTOM OF THE 7TH
Cretin-Derham Hall HS Raiders batting - Pitching for Jackson HS Polar Bears : RHP Reid Corey
Batting: RHB Eli Engelsen 0-0: Fly out, F5 (Popup, 25F, EV 86.2 MPH)
Batting: RHB Kylie Withers 0-0: Called Strike
0-1: Fly out, F9 (Flyball, 89D, EV 95.6 MPH)
Pinch Hitting: RHB Bret Gormley 0-0: Called Strike
0-1: Ball
1-1: Ball
2-1: Foul Ball, location: 2F
2-2: Ball
3-2: Strikes out swinging
Bottom of the 7th over - 0 runs, 0 hits, 0 errors, 0 left on base; Jackson HS 8 - Cretin-Derham Hall HS 1
TOP OF THE 8TH
Jackson HS Polar Bears batting - Pitching for Cretin-Derham Hall HS Raiders : RHP Dalton Nicholson
Now at 1B: Bret Gormley
Batting: RHB Josiah Moore 0-0: Called Strike
0-1: Called Strike
0-2: Ball
1-2: Ball
2-2: Strikes out swinging
Batting: LHB Bailey Pierce 0-0: Ball
1-0: SINGLE (Line Drive, 8LS, EV 102.5 MPH)
Pinch Hitting: SHB Brenden Hopkins 0-0: Ball
Bailey Pierce steals 2nd base (no throw)
1-0: Called Strike
1-1: Fly out, F8 (Flyball, 8RD, EV 93.1 MPH)
Runner from 2nd tags up, SAFE at 3rd with throw by CF
Batting: LHB Avon McAnally 0-0: Swinging Strike
0-1: Called Strike
0-2: Strikes out swinging
Top of the 8th over - 0 runs, 1 hit, 0 errors, 1 left on base; Jackson HS 8 - Cretin-Derham Hall HS 1
BOTTOM OF THE 8TH
Cretin-Derham Hall HS Raiders batting - Pitching for Jackson HS Polar Bears : RHP Reid Corey
Now in LF: Brenden Hopkins
Pinch Hitting: RHB Chance Lynch 0-0: Fly out, F4 (Popup, 34D, EV 61.9 MPH)
Pinch Hitting: RHB Kaden Young 0-0: Called Strike
0-1: Ball
1-1: Foul Ball, location: 2F
1-2: Strikes out swinging
Batting: SHB Miles Rockwood 0-0: Called Strike
0-1: SINGLE (Flyball, 34D, EV 87.5 MPH)
Batting: LHB E.J. Tierney 0-0: Called Strike
0-1: Foul Ball, location: 2F
0-2: SINGLE (Flyball, 5D, EV 92.5 MPH)
Miles Rockwood to second
Batting: LHB Sean Radel 0-0: Called Strike
0-1: Ball
1-1: Ball
2-1: SINGLE (Groundball, 56S, EV 98.1 MPH)
Miles Rockwood to third
E.J. Tierney to second
Runner from 3rd tries for Home, throw by LF and OUT! 7-2
Bottom of the 8th over - 0 runs, 3 hits, 0 errors, 2 left on base; Jackson HS 8 - Cretin-Derham Hall HS 1
TOP OF THE 9TH
Jackson HS Polar Bears batting - Pitching for Cretin-Derham Hall HS Raiders : RHP Dalton Nicholson
Pitching: LHP Evan Hill
Now in LF: Christian Harrison
Now in RF: Chance Lynch
Batting: RHB Landon Iverson 0-0: Called Strike
0-1: Ball
1-1: Foul Ball, location: 2F
1-2: Ball
2-2: SINGLE (Line Drive, 8RS, EV 88.1 MPH)
Pinch Hitting: RHB Gordie Kleiner 0-0: Ball
1-0: Foul Ball, location: 2F
1-1: Swinging Strike
1-2: Ball
2-2: Foul Ball, location: 2F
2-2: Strikes out swinging
Batting: RHB Johnathon Higashi 0-0: Ball
1-0: Ball
2-0: Foul Ball, location: 2F
2-1: Ball
3-1: SINGLE (Line Drive, 89S, EV 101.9 MPH)
Landon Iverson to second
Batting: RHB Jaren Castro 0-0: Called Strike
0-1: Swinging Strike
0-2: Foul Ball, location: 2F
0-2: Ball
1-2: Ball
2-2: Foul Ball, location: 2F
2-2: Foul Ball, location: 2F
2-2: SINGLE (Groundball, 56D, EV 95.6 MPH)
Landon Iverson to third
Johnathon Higashi to second
Batting: RHB Corny Boisvert 0-0: Foul Ball, location: 2F
0-1: Called Strike
0-2: Ball
1-2: Ball
2-2: Fly out, F5 (Popup, 5SF, EV 78.1 MPH)
Pinch Hitting: RHB Giovanny Alice 0-0: Called Strike
0-1: Ground out 4-3 (Groundball, 4, EV 89.4 MPH)
Top of the 9th over - 0 runs, 3 hits, 0 errors, 3 left on base; Jackson HS 8 - Cretin-Derham Hall HS 1
BOTTOM OF THE 9TH
Cretin-Derham Hall HS Raiders batting - Pitching for Jackson HS Polar Bears : RHP Reid Corey
Now at C: Giovanny Alice
Now at 1B: Gordie Kleiner
Batting: RHB Raven Nieves 0-0: SINGLE (Line Drive, 89S, EV 89.4 MPH)
Batting: RHB Eli Engelsen 0-0: Single, Error in OF, E8, batter to second base (Groundball, 6MD, EV 98.1 MPH)
Raven Nieves to third
Pinch Hitting: RHB Ismael Steele 0-0: Ground out 6-3 (Groundball, 6D, EV 108.8 MPH)
Raven Nieves scores
Pinch Hitting: RHB Mikel Okamura 0-0: Called Strike
0-1: Called Strike
0-2: Ball
1-2: Strikes out looking
Batting: RHB Chance Lynch 0-0: Ball
1-0: Ball
2-0: SINGLE (Line Drive, 7S, EV 98.8 MPH)
Eli Engelsen to third
Batting: RHB Christian Harrison 0-0: Ball
1-0: Foul Ball, location: 2F
1-1: Called Strike
1-2: Strikes out swinging
Bottom of the 9th over - 1 run, 3 hits, 1 error, 2 left on base; Jackson HS 8 - Cretin-Derham Hall HS 2
Tuesday, April 16th , 2024 - OOTP Baseball 23.10 Build 110